 Dungeon Sprint DCSS version 0.19.0-2-gae57169 (webtiles) character file.

8182 poirepourri the Stickfighter (level 11, -6/110 HPs)
             Began as a Minotaur Gladiator on Nov 3, 2016.
             Was a High Priest of Okawaru.
             Mangled by a lorocyproca (27 damage)
             ... in the Dungeon (Sprint I: "Red Sonja").
             The game lasted 00:07:49 (2764 turns).

poirepourri the Stickfighter (Minotaur Gladiator)   Turns: 2764, Time: 00:07:49

Health: -6/110     AC: 19    Str: 21    XL:     11   Next: 6%
Magic:  0/10       EV: 13    Int:  5    God:    Okawaru [*****.]
Gold:   361        SH:  0    Dex: 13    Spells: 0 memorised, 10 levels left

rFire  . . .     SeeInvis .     a - +0 lajatang
rCold  . . .     Gourm    .     j - +0 plate armour
rNeg   . . .     Faith    .     (shield currently unavailable)
rPois  +         Spirit   .     c - +0 hat
rElec  .         Reflect  .     o - +0 cloak {rPois}
rCorr  .         Harm     .     (no gloves)
MR     .....     NoTele   +     m - +0 pair of boots
Stlth  ..........               (no amulet)
                                (no ring)
                                d - +1 ring of evasion

@: very slightly contaminated
A: retaliatory headbutt, horns 2
a: Heroism, Finesse, Renounce Religion


You were in the Dungeon.
You worshipped Okawaru.
Okawaru was extremely pleased with you.
You were not hungry.

You visited 1 branch You collected 1197 gold pieces.
You spent 836 gold pieces at shops.

Inventory:

Hand Weapons
 a - a +0 lajatang (weapon)
 b - a +0 blowgun
Missiles
 e - 2 curare-tipped needles
 g - 15 poisoned needles
 p - 8 javelins of returning
 q - 9 silver javelins (quivered)
Armour
 c - a +0 hat (worn)
 j - a +0 plate armour (worn)
 m - a +0 pair of boots (worn)
 o - a +0 cloak of poison resistance (worn)
Jewellery
 d - a +1 ring of evasion (left hand)
Wands
 l - a wand of polymorph (10/24)
Scrolls
 r - a scroll of remove curse
Potions
 f - 5 potions of curing
 h - a potion of haste
 i - 2 potions of magic
Books
 t - a book of Maledictions

   Spells                             Type                      Level
   a - Corona                         Hexes                        1
   b - Ensorcelled Hibernation        Hexes/Ice                    2
   c - Confuse                        Hexes                        3
   d - Tukima's Dance                 Hexes                        3
   e - Dazzling Spray                 Conjuration/Hexes            3
Comestibles
 n - 6 meat rations
 u - a bread ration


   Skills:
 + Level 14.0 Fighting
 + Level 18.1 Staves
 + Level 8.2 Throwing
 + Level 14.4 Armour
 + Level 12.1 Dodging
 + Level 1.3 Unarmed Combat


You had 10 spell levels left.
You didn't know any spells.

Dungeon Overview and Level Annotations

Branches:
Dungeon (1/1)

Altars:
Cheibriados
Dithmenos
Elyvilon
Fedhas
Gozag
Hepliaklqana
Kikubaaqudgha
Makhleb
Nemelex Xobeh
Okawaru
Qazlal
Ru
Sif Muna
Trog
Uskayaw
Vehumet
Xom
Yredelemnul
Zin
The Shining One
Jiyva
Lugonu

Shops:
D %*%!?(([[**!:(*[[


Innate Abilities, Weirdness & Mutations

You reflexively headbutt those who attack you in melee.
You have a pair of horns on your head.


Message History

* * * LOW HITPOINT WARNING * * *
You hit something. Something hits you!
* * * LOW HITPOINT WARNING * * *
Blink to where?
Press: ? - help, Dir - move target cursor You are very lightly contaminated with residual magic.
As you read the scroll of blinking, it crumbles to dust.
You feel much better.
You close the door.
You start resting.
Something unseen opens the door.
You start resting.
Something hits you!!
* * * LOW HITPOINT WARNING * * *
You feel your power leaking away.
You start resting.
Something hits you!
* * * LOW HITPOINT WARNING * * *
Okay, then.
You feel better. Something hits you!!
You die...

##########################
.#..'..#__#..')..#..#.§§.+
.').#..'..'..#)..##'#.####
'#####'#__####..@{§.#§# ##
.#...#.####§.#####§.'.#+#$###
##..##.#§§§§.#.§##'####..$#y#
_##'#[.§§§§..'§.#..^§^#..$###
..'..._#§§§§§#§§#..§§§'..$$$#
_##_.#'##'#####'###.§§#^....#
_###'#.#.[(.###.'.#§§§###++##
####.####(###.###.#..##
..'...'.))..')∩##†#..#


There were no monsters in sight!

Vanquished Creatures
  2 centaur warriors (D)
  Sonja (D)
  A deep troll (D)
  2 unseen horrors (D)
  A lindwurm (D)
  An oklob plant (D)
  A gargoyle (D)
  2 kobold demonologists (D)
  4 demonic crawlers (D)
  A hornet (D)
  A slime creature (D)
  A yak (D)
  Sigmund (D)
  2 redbacks (D)
  2 floating eyes (D)
  7 necrophages (D)
  An ogre (D)
  8 jellies (D)
  Ijyb (D)
  6 ballistomycetes (D)
46 creatures vanquished.

Vanquished Creatures (others)
  A deep elf master archer (D)
  A siren (D)
  A gargoyle (D)
  A hellwing (D)
  2 hornets (D)
  2 ballistomycete spores (D)
8 creatures vanquished.

Grand Total: 54 creatures vanquished

Notes
Turn   | Place    | Note
-------+----------+-------------------------------------------
     0 | D        | poirepourri the Minotaur Gladiator began the quest for the Orb.
     0 | D        | Reached XP level 1. HP: 18/18 MP: 0/0
     2 | D        | Noticed Ijyb
    16 | D        | Killed Ijyb
    16 | D        | Reached skill level 5 in Staves
    16 | D        | Reached skill level 5 in Dodging
    16 | D        | Reached XP level 2. HP: 23/26 MP: 1/1
   134 | D        | Noticed an ogre
   139 | D        | Killed an ogre
   139 | D        | Reached skill level 7 in Staves
   139 | D        | Reached XP level 3. HP: 26/33 MP: 2/2
   139 | D        | Reached XP level 4. HP: 32/40 MP: 3/3
   266 | D        | Noticed Sigmund
   278 | D        | Killed Sigmund
   278 | D        | Reached skill level 5 in Fighting
   278 | D        | Reached skill level 10 in Staves
   278 | D        | Reached skill level 1 in Armour
   278 | D        | Reached XP level 5. HP: 40/48 MP: 4/4
   337 | D        | Found a deep blue altar of Sif Muna.
   339 | D        | Found a radiant altar of Vehumet.
   341 | D        | Reached XP level 6. HP: 51/56 MP: 5/5
   394 | D        | Found Mupseu's Assorted Antiques.
   394 | D        | Found an ancient bone altar of Kikubaaqudgha.
   394 | D        | Found a hazy altar of Hepliaklqana.
   394 | D        | Found a stormy altar of Qazlal.
   394 | D        | Found a hide-covered altar of Uskayaw.
   394 | D        | Found a blossoming altar of Fedhas.
   394 | D        | Found a bloodstained altar of Trog.
   394 | D        | Found an iron altar of Okawaru.
   394 | D        | Found a basalt altar of Yredelemnul.
   394 | D        | Found a glowing golden altar of the Shining One.
   394 | D        | Found a snail-covered altar of Cheibriados.
   394 | D        | Found a sacrificial altar of Ru.
   394 | D        | Found a glowing silver altar of Zin.
   394 | D        | Found a shadowy altar of Dithmenos.
   394 | D        | Found a white marble altar of Elyvilon.
   394 | D        | Noticed a yak
   412 | D        | Killed a yak
   412 | D        | Reached skill level 11 in Staves
   413 | D        | Found an opulent altar of Gozag.
   414 | D        | Found a sparkling altar of Nemelex Xobeh.
   507 | D        | Bought a copper ring for 155 gold pieces
   507 | D        | Bought a pair of boots for 139 gold pieces
   511 | D        | Became a worshipper of Warmaster Okawaru
   532 | D        | Found a burning altar of Makhleb.
   532 | D        | Found a viscous altar of Jiyva.
   532 | D        | Found a shimmering altar of Xom.
   532 | D        | Found a corrupted altar of Lugonu.
   532 | D        | Noticed a slime creature
   541 | D        | Killed a slime creature
   541 | D        | Reached skill level 12 in Staves
   541 | D        | Reached skill level 5 in Throwing
   541 | D        | Reached skill level 10 in Dodging
   541 | D        | Reached XP level 7. HP: 46/66 MP: 6/6
   647 | D        | Noticed Sonja
   675 | D        | Killed Sonja
   675 | D        | Reached * piety under Okawaru
   675 | D        | Reached ** piety under Okawaru
   675 | D        | Reached skill level 14 in Staves
   675 | D        | Reached skill level 5 in Armour
   675 | D        | Reached XP level 8. HP: 40/75 MP: 7/7
   912 | D        | Found Qixtu's Food Boutique.
   920 | D        | Bought a meat ration for 55 gold pieces
   920 | D        | Bought a meat ration for 55 gold pieces
   920 | D        | Bought a meat ration for 55 gold pieces
   922 | D        | Bought a meat ration for 55 gold pieces
   952 | D        | Noticed a deep troll
   977 | D        | Killed a deep troll
   987 | D        | Found Awiggo Xure's Armour Emporium.
   994 | D        | Bought a +0 cloak of poison resistance for 102 gold pieces
  1211 | D        | Noticed a centaur warrior
  1211 | D        | Noticed a centaur warrior
  1228 | D        | Killed a centaur warrior
  1228 | D        | Reached *** piety under Okawaru
  1228 | D        | Reached skill level 10 in Fighting
  1228 | D        | Reached skill level 15 in Staves
  1228 | D        | Reached XP level 9. HP: 69/85 MP: 8/8
  1240 | D        | Killed a centaur warrior
  1240 | D        | Reached skill level 16 in Staves
  1240 | D        | Reached skill level 1 in Unarmed Combat
  1359 | D        | Paralysed by a hornet for 2 turns
  1363 | D        | Received a gift from Okawaru
  1458 | D        | Noticed an oklob plant
  1588 | D        | Noticed a kobold demonologist
  1589 | D        | Noticed a kobold demonologist
  1590 | D        | Noticed a red devil
  1592 | D        | Reached skill level 10 in Armour
  1601 | D        | Killed a kobold demonologist
  1607 | D        | Killed a kobold demonologist
  1607 | D        | Reached **** piety under Okawaru
  1785 | D        | Killed an oklob plant
  1785 | D        | Reached skill level 17 in Staves
  1785 | D        | Reached XP level 10. HP: 42/97 MP: 9/9
  2049 | D        | Killed an unseen horror
  2071 | D        | Killed an unseen horror
  2071 | D        | Reached ***** piety under Okawaru
  2236 | D        | Received a gift from Okawaru
  2318 | D        | Found Voepeh's Distillery.
  2318 | D        | Found Ogreru's Food Shop.
  2318 | D        | Found Doclin's Magic Scroll Boutique.
  2320 | D        | Found Wuamay's Antique Weapon Emporium.
  2320 | D        | Found Orin's Antique Weapon Shop.
  2320 | D        | Found Ticeq's Antique Armour Shoppe.
  2320 | D        | Found Hiej Jen's Armour Boutique.
  2320 | D        | Found Wuzoakic's Assorted Antiques.
  2320 | D        | Found Ceqaig's General Store.
  2320 | D        | Found Yriav's Distillery.
  2323 | D        | Bought a potion of heal wounds for 55 gold pieces
  2323 | D        | Bought 2 potions of curing for 66 gold pieces
  2323 | D        | Bought a potion of curing for 33 gold pieces
  2323 | D        | Bought a potion of curing for 33 gold pieces
  2323 | D        | Bought a potion of curing for 33 gold pieces
  2325 | D        | Found Lets's Book Boutique.
  2326 | D        | Found Velui's General Store.
  2326 | D        | Found Foepaqur's Weapon Boutique.
  2327 | D        | Found Jogudaod's Antique Armour Emporium.
  2329 | D        | Killed a deep elf master archer
  2423 | D        | Received a gift from Okawaru
  2430 | D        | Killed a siren
  2432 | D        | Reached skill level 18 in Staves
  2485 | D        | Killed a gargoyle
  2651 | D        | Noticed a lindwurm
  2657 | D        | Killed a lindwurm
  2657 | D        | Reached XP level 11. HP: 100/108 MP: 10/10
  2764 | D        | Mangled by a lorocyproca

Skill      XL: |  1  2  3  4  5  6  7  8  9 10 11 |
---------------+----------------------------------+-----
Fighting       | 3 4 5 7 8 10 11 13 14 | 14.0
Staves         | 5 7 10 12 14 15 17 18 | 18.1
Dodging        | 5 6 8 9 10 11 12 | 12.1
Throwing       | 3 4 5 6 7 8 |  8.2
Armour         | 1 2 5 8 11 14 | 14.4
Unarmed Combat | 1 |  1.3

Action                   |  1- 3 |  4- 6 |  7- 9 | 10-12 || total
-------------------------+-------+-------+-------+-------++-------
Melee: Unarmed           |    10 |       |       |       ||    10
       Quarterstaff      |     7 |    36 |    91 |       ||   134
       Headbutt          |     2 |     9 |    26 |    24 ||    61
       Lajatang          |       |       |    12 |    85 ||    97
 Fire: Blowgun           |       |       |     6 |     2 ||     8
Throw: Throwing net      |       |     1 |     3 |       ||     4
       Javelin           |       |       |     2 |     2 ||     4
  Use: Potion            |     1 |     1 |     2 |     3 ||     7
       Scroll            |       |       |     2 |     1 ||     3
 Stab: Held in net/web   |       |       |     2 |       ||     2
  Eat: Bread ration      |       |       |     1 |       ||     1
       Meat ration       |       |       |       |     1 ||     1
Armor: Leather armour    |     2 |       |       |       ||     2
       Plate armour      |       |     3 |    75 |    76 ||   154
Dodge: Dodged            |     8 |     9 |    53 |    69 ||   139
